 Dungeon Crawl Stone Soup version 0.25-a0-589-g1e14c549ee (webtiles) character file.

Game seed: 17460678198984617893, levelgen mode: deterministic

915 dorian the Covert (level 7, 0/36 HPs)
             Began as a Vampire Enchanter on Mar 9, 2020.
             Slain by an ogre
             ... wielding a +0 giant club
              (35 damage)
             ... on level 4 of the Dungeon.
             The game lasted 00:11:51 (4164 turns).

dorian the Covert (Vampire Enchanter)               Turns: 4164, Time: 00:11:51

Health: 0/36       AC:  3    Str:  7    XL:     7   Next: 82%
Magic:  1/13       EV: 13    Int: 18    God:
Gold:   141        SH:  0    Dex: 16    Spells: 9/15 levels left

rFire    . . .     SeeInvis +   a - +1 dagger
rCold    + + .     Gourm    .   (no shield)
rNeg     + + +     Faith    .   b - +0 robe
rPois    ∞         Spirit   .   (no helmet)
rElec    .         Reflect  .   (no cloak)
rCorr    .         Harm     .   (no gloves)
MR       .....                  m - +0 pair of boots
Stlth    ++++++....             (no amulet)
HPRegen  0.00/turn              (no ring)
MPRegen  0.13/turn              (no ring)

@: bloodless
A: no food, fangs 3, see invisible, unbreathing
a: Bat Form, Revivify


You were on level 4 of the Dungeon.
You were bloodless.

You visited 1 branch of the dungeon, and saw 4 of its levels.

You collected 141 gold pieces.

Inventory:

Hand Weapons
 a - a +1 dagger (weapon)
Missiles
 p - 3 boomerangs (quivered)
Armour
 b - a +0 robe (worn)
 m - a +0 pair of boots (worn)
Jewellery
 j - an uncursed amulet of regeneration {unknown}
Wands
 r - a wand of polymorph (7)
Scrolls
 c - 3 scrolls of immolation {unknown}
 f - 5 scrolls of identify {unknown}
 g - a scroll of noise {unknown}
 i - 2 scrolls of remove curse {unknown}
 l - a scroll of blinking {unknown}
 n - a scroll of fear {unknown}
Potions
 d - 4 potions of haste {unknown}
 e - a potion of invisibility {unknown}
 h - a potion of degeneration {unknown}
 k - a potion of heal wounds {unknown}
 o - 2 potions of mutation {unknown}
 q - a potion of curing {unknown}


   Skills:
 + Level 4.8 Short Blades
 - Level 2.1 Dodging
 + Level 8.2 Stealth
 * Level 4.6 Spellcasting
 + Level 7.6 Hexes


You had 9 spell levels left.
You knew the following spells:

 Your Spells              Type           Power        Failure   Level  Hunger
a - Corona                Hex            ####...      1%          1    N/A
b - Ensorcelled Hibernat  Hex/Ice        ###...       4%          2    N/A
c - Tukima's Dance        Hex            ####....     1%          3    N/A

Your spell library contained the following spells:

 Spells                   Type           Power        Failure   Level  Hunger
 Confusing Touch          Hex            ####....     1%          3    N/A
 Dazzling Flash           Conj/Hex       ###...       9%          3    N/A

Dungeon Overview and Level Annotations

Branches:
Dungeon (4/15)
 Temple: D:4-7

Altars:
Ashenzari
Ru
Zin


Innate Abilities, Weirdness & Mutations

You do not eat.
You do not regenerate when monsters are visible.
You are frail without blood (-20% HP).
You can heal yourself when you bite living creatures.
You are immune to poison.
You have razor-sharp teeth.
You have supernaturally acute eyesight. (SInv)
You can survive without breathing.


Message History

Aim: an ogre, wielding a +0 giant club (lightly wounded, chance to defeat MR: 49%)
The ogre resists with some effort.
Casting: Ensorcelled Hibernation (safe; 4% risk of failure)
Confirm with . or Enter, or press ? or * to list all spells.
Aiming: Ensorcelled Hibernation (safe; 4% risk of failure)
Press: ? - help, Shift-Dir - straight line, f/p - ogre
Aim: an ogre, wielding a +0 giant club (lightly wounded, chance to defeat MR: 49%)
The ogre resists with some effort.
The ogre closely misses you. The frilled lizard bites you.
Things that are here:
a cursed -3 dagger; a +0 robe; an orc corpse
Casting: Ensorcelled Hibernation (safe; 4% risk of failure)
Confirm with . or Enter, or press ? or * to list all spells.
Aiming: Ensorcelled Hibernation (safe; 4% risk of failure)
Press: ? - help, Shift-Dir - straight line, f/p - ogre
Aim: an ogre, wielding a +0 giant club (lightly wounded, chance to defeat MR: 49%)
The ogre resists with some effort.
The ogre hits you with a +0 giant club!!
Ouch! That really hurt!
You die...

.....# #..# ###.....# #.# ##
.....###..####...###.# #.# #.
.....#.....##..### #.# #.# #.
###.........#.## #.# #.# #. #
##..........# #.# #)# #. #
#>.........# #.## #.# #.
####..........# #..#####.# ##.
........)....O#######......[###..
.###..........lO@..########...#.#
## ##.......######........#.....#
.# #.........# ########.###....
..##.........# #.##.....
#.##.........# #.##.....
#..#.........# #.##..P..
##O#.........# #.##...P. #
..........## #....####
...#.....## ###..#...


You could see 2 ogres and a frilled lizard.

Vanquished Creatures
  Sigmund (D:4)
  Edmund (D:4)
  2 ogres (D:4)
  A centaur (D:4)
  2 orc priests (D:4)
  A centaur skeleton (D:4)
  An iguana (D:4)
  An orc wizard (D:4)
  3 worker ants (D:4)
  4 adders
  7 gnolls
  An ooze (D:3)
  A worm (D:4)
  A dart slug (D:3)
  5 leopard geckos
  7 orcs
  A ball python (D:4)
  7 giant cockroaches
  7 goblins
  9 hobgoblins
  A jackal (D:1)
  5 kobolds
  2 quokkas (D:3)
  8 bats
  2 frilled lizards (D:2)
  A leopard gecko skeleton (D:4)
  10 rats
92 creatures vanquished.

Vanquished Creatures (collateral kills)
  An orc (D:4)
1 creature vanquished.

Vanquished Creatures (others)
  A dancing weapon (D:4)
1 creature vanquished.

Grand Total: 94 creatures vanquished

Notes
Turn   | Place    | Note
-------+----------+-------------------------------------------
     0 | D:1      | dorian the Vampire Enchanter began the quest for the Orb.
     0 | D:1      | Reached XP level 1. HP: 13/13 MP: 3/3
   222 | D:1      | Reached XP level 2. HP: 15/15 MP: 5/5
   403 | D:1      | Reached skill level 5 in Stealth
   412 | D:1      | Learned a level 2 spell: Ensorcelled Hibernation
   469 | D:1      | Reached skill level 5 in Hexes
  1049 | D:2      | Reached XP level 3. HP: 19/19 MP: 6/6
  1070 | D:2      | Found a shattered altar of Ashenzari.
  1349 | D:2      | Reached XP level 4. HP: 24/24 MP: 7/7
  1453 | D:2      | Found a glowing silver altar of Zin.
  1453 | D:2      | Noticed an angel
  2028 | D:3      | Learned a level 3 spell: Tukima's Dance
  2070 | D:3      | Reached skill level 6 in Stealth
  2238 | D:3      | Reached XP level 5. HP: 26/28 MP: 0/8
  2810 | D:3      | Found a sacrificial altar of Ru.
  3241 | D:4      | Noticed a centaur
  3308 | D:4      | Killed a centaur
  3308 | D:4      | Reached XP level 6. HP: 14/32 MP: 7/10
  3524 | D:4      | Reached skill level 7 in Stealth
  3638 | D:4      | Reached XP level 7. HP: 35/36 MP: 0/12
  3921 | D:4      | Noticed Sigmund
  3924 | D:4      | Killed Sigmund
  3938 | D:4      | Noticed Edmund
  3941 | D:4      | Killed Edmund
  3941 | D:4      | Reached skill level 8 in Stealth
  4164 | D:4      | Slain by an ogre

Levels and vault maps discovered:
D:1:      erik_arrival_cave_to_civilisation [erik_arrival_cave_to_hall],
          layout_loops_ring, minmay_liquid_box, grunt_decor_resistance,
          minmay_indecisive_spiral
D:2:      layout_loops_ring, zin_angel, ashenzari_altar_1, first_ration
D:3:      layout_loops_ring, nicolae_ru_path_of_blood
D:4:      layout_rooms, sigmund_edmund_badplayer

Skill      XL: |  1  2  3  4  5  6  7 |
---------------+----------------------+-----
Stealth        | 5 6 7 8 |  8.2
Hexes          | 5 6 7 |  7.6
Short Blades   | 2 3 4 |  4.8
Spellcasting   | 3 4 |  4.6
Dodging        | |  2.1

Action                   |  1- 3 |  4- 6 |  7- 9 || total
-------------------------+-------+-------+-------++-------
Melee: Dagger            |    86 |    88 |    12 ||   186
       Bite              |     5 |     4 |     1 ||    10
Throw: Boomerang         |       |       |     3 ||     3
 Cast: Corona            |     3 |       |       ||     3
       Ensorcelled Hiber |     3 |    44 |    14 ||    61
       Tukima's Dance    |       |     2 |       ||     2
 Abil: Exsanguinate      |     1 |       |       ||     1
 Stab: Sleeping          |    23 |    39 |     7 ||    69
       Distracted        |       |     1 |       ||     1
Armor: Robe              |     8 |    14 |     2 ||    24
Dodge: Dodged            |    42 |    56 |     3 ||   101

Table legend:
 A = Non-vault XP
 B = Vault XP
 C = Vault XP percentage of total XP
 D = Non-vault monster count
 E = Vault monster count
 F = Vault count percentage of total count
                 A         B        C        D         E       F
            +---------+---------+-------+---------+---------+-------
      Total |     919 |     389 |  29.7 |      85 |       8 |   8.6
            +---------+---------+-------+---------+---------+-------
        D:1 |      22 |      13 |  37.1 |      13 |       6 |  31.6
        D:2 |     100 |       0 |   0.0 |      25 |       0 |   0.0
        D:3 |      95 |       0 |   0.0 |      21 |       0 |   0.0
        D:4 |     702 |     376 |  34.9 |      26 |       2 |   7.1
            +---------+---------+-------+---------+---------+-------
